Map: Hardwire LE

Players

PiLiPiLi

  • Race: Protoss Protoss
  • League: Master
  • Spawn Location: 1:00

Vindicta - Winner!

  • Race: Terran Terran
  • League: Grandmaster
  • Spawn Location: 7:00

VOD

Have the link to the VOD?

Description

Time

  • Played on: Feb. 20, 2022, 9:09 p.m.
  • Length: 10:50
Show
View Real Time Build Order
Export as new Build Order

PiLiPiLi Protoss 

Build Orders: 1 Gate Expand, Blink Stalkers 

Get SALT Encoding   

  12  0:00  Probe  
  13  0:12  Probe  
  14  0:17  Pylon  
  14  0:24  Probe (Chrono Boost)  
  15  0:37  Probe (Chrono Boost), Gateway  
  16  0:44  Probe (Chrono Boost)  
  16  0:45  Assimilator  
  17  0:51  Probe  
  18  1:03  Probe  
  19  1:15  Probe  
  20  1:23  Nexus  
  20  1:32  Cybernetics Core  
  20  1:35  Probe  
  20  1:39  Assimilator  
  21  1:47  Probe  
  21  1:49  Pylon  
  22  1:59  Probe  
  23  2:05  Stalker (Chrono Boost)  
  23  2:09  Warp Gate  
  23  2:11  Probe  
  26  2:23  Probe  
  26  2:25  Twilight Council  
  27  2:32  Stalker  
  27  2:35  Probe x2  
  31  2:47  Probe  
  31  2:49  Probe  
  33  2:54  Shield Battery  
  33  2:56  Blink (Chrono Boost)  
  33  2:59  Probe  
  33  3:01  Probe  
  35  3:11  Probe  
  36  3:13  Probe, Gateway  
  37  3:23  Probe  
  34  3:44  Probe  
  34  3:47  Probe  
  33  3:54  Shield Battery  
  33  3:55  Pylon  
  32  3:56  Probe, Pylon  
  32  3:57  Stalker  
  32  3:59  Pylon  
  29  4:17  Probe  
  29  4:20  Stalker x2  
  29  4:22  Probe  
  31  4:29  Probe  
  32  4:36  Stalker x2  
  34  4:43  Probe (Chrono Boost)  
  34  4:44  Probe (Chrono Boost)  
  32  4:56  Probe (Chrono Boost)  
  34  5:00  Probe (Chrono Boost)  
  34  5:01  Stalker  
  34  5:02  Stalker  
  34  5:03  Probe (Chrono Boost)  
  34  5:06  Probe (Chrono Boost)  
  40  5:12  Probe  
  41  5:18  Probe  
  42  5:24  Probe  
  43  5:30  Probe  
  44  5:38  Stalker  
  41  5:45  Stalker, Probe  
  41  5:48  Probe  
  43  5:57  Probe  
  43  5:59  Robotics Facility  
  43  6:00  Probe  
  45  6:08  Nexus, Stalker  
  45  6:09  Stalker, Probe  
  50  6:12  Pylon, Probe  
  50  6:17  Assimilator  
  51  6:21  Probe  
  51  6:24  Probe  
  53  6:32  Charge  
  53  6:34  Probe  
  53  6:36  Probe  
  53  6:38  Forge  
  55  6:41  Sentry x2  
  55  6:46  Probe  
  61  6:47  Observer (Chrono Boost)  
  61  6:48  Probe  
  62  6:55  Gateway  
  62  6:56  Gateway  
  62  6:58  Probe  
  62  7:00  Probe, Observer (Chrono Boost)  
  64  7:01  Pylon  
  65  7:10  Probe  
  60  7:17  Immortal (Chrono Boost)  
  60  7:18  Stalker x2  
  62  7:25  Shield Battery  
  62  7:27  Gateway  
  62  7:29  Gateway  
  62  7:35  Shield Battery  
  62  7:45  Stalker x2  
  58  7:57  Stalker  
  58  7:58  Stalker  
  52  8:09  Probe x2  
  52  8:10  Stalker x2  
  52  8:11  Probe  
  42  8:21  Probe  
  42  8:23  Stalker  
  42  8:24  Stalker x2, Probe x2  
  51  8:29  Protoss Ground Weapons Level 1 (Chrono Boost)  
  51  8:33  Probe (Chrono Boost)  
  52  8:37  Sentry, Zealot x2, Probe x2 (Chrono Boost)  
  60  8:45  Probe (Chrono Boost)  
  60  8:47  Zealot  
  60  8:48  Zealot x2  
  68  8:49  Probe (Chrono Boost)  
  68  8:51  Probe (Chrono Boost)  
  68  8:53  Probe (Chrono Boost)  
  70  8:55  Probe (Chrono Boost)  
  70  8:57  Probe  
  70  8:58  Robotics Facility  
  70  9:01  Probe  
  73  9:03  Observer  
  73  9:06  Probe  
  73  9:09  Zealot, Probe  
  77  9:16  Observer  
  77  9:29  Zealot  
  77  9:30  Zealot x5  
  89  9:35  Templar Archives  
  89  9:36  Gateway  
  89  9:40  Gateway  
  89  9:43  Immortal (Chrono Boost)  
  89  9:49  Pylon  
  93  9:53  Pylon  
  93  10:12  Zealot  
  93  10:13  Zealot x5  
  77  10:30  Stalker  
  77  10:32  Stalker x2  
  77  10:33  Stalker  
Show
View Real Time Build Order
Export as new Build Order

Vindicta Terran - Winner!

Build Orders:  

Get SALT Encoding   

  12  0:00  SCV  
  13  0:12  SCV  
  14  0:18  Supply Depot  
  14  0:24  SCV  
  15  0:40  SCV  
  16  0:43  Barracks  
  16  0:48  Refinery  
  16  0:52  SCV  
  17  1:04  SCV  
  18  1:16  SCV  
  19  1:23  Barracks  
  20  1:37  Barracks Reactor  
  19  1:52  Command Center  
  19  2:00  Supply Depot  
  19  2:10  Barracks Tech Lab  
  19  2:13  Marine x2  
  19  2:15  SCV  
  22  2:28  Concussive Shells  
  22  2:32  Marauder  
  22  2:33  Marine x2  
  22  2:36  SCV  
  27  2:51  Marine  
  28  2:53  Marine  
  28  2:54  Marauder  
  31  3:02  Orbital Command  
  31  3:15  Marauder, Orbital Command  
  33  3:22  Bunker  
  33  3:26  Marine  
  33  3:36  SCV  
  33  3:37  Marauder  
  33  3:40  Marine  
  34  3:44  Marine  
  33  3:51  SCV  
  33  3:53  Barracks  
  33  3:57  Marine  
  33  3:58  Marauder  
  33  3:59  SCV  
  37  4:05  Refinery  
  37  4:07  Marine  
  38  4:14  SCV  
  37  4:17  Marine  
  37  4:19  Marauder, SCV  
  41  4:28  SCV  
  41  4:33  Bunker  
  39  4:48  Barracks Tech Lab, SCV  
  39  4:50  SCV  
  37  4:57  Barracks  
  33  5:00  SCV  
  33  5:02  Marine x2, SCV  
  33  5:06  Stimpack  
  39  5:07  Marauder  
  39  5:12  SCV  
  39  5:14  Factory, SCV  
  40  5:20  Supply Depot, Marine x2  
  43  5:24  SCV  
  43  5:26  SCV  
  45  5:33  Marauder  
  44  5:38  Marine x2  
  44  5:45  SCV  
  43  5:50  Barracks Tech Lab, SCV  
  43  5:54  Supply Depot, Refinery, Marauder  
  43  5:56  Marine  
  47  5:57  SCV  
  47  5:58  Starport, Factory Reactor  
  47  6:02  Engineering Bay, SCV  
  48  6:08  Combat Shield  
  48  6:09  SCV  
  48  6:10  Marauder  
  48  6:11  Marine  
  51  6:14  SCV  
  51  6:16  Marauder  
  51  6:18  Supply Depot  
  55  6:19  Marine  
  55  6:21  SCV  
  57  6:28  Terran Infantry Weapons Level 1  
  57  6:29  Marine  
  57  6:31  Marine  
  57  6:32  SCV  
  60  6:36  Marine  
  60  6:37  Marine  
  62  6:42  SCV  
  62  6:45  Medivac  
  62  6:46  Marine  
  62  6:47  Factory Reactor  
  66  6:50  Medivac  
  66  6:51  Supply Depot x2, SCV  
  69  6:54  SCV  
  69  6:56  Refinery  
  70  7:02  Marauder  
  70  7:03  SCV  
  70  7:05  Marauder  
  70  7:07  SCV  
  72  7:15  SCV  
  72  7:19  SCV  
  74  7:23  Medivac  
  74  7:26  Supply Depot, Command Center  
  74  7:28  Medivac  
  78  7:31  Marine  
  78  7:32  Marine  
  78  7:33  Marine  
  81  7:40  SCV  
  82  7:49  Marine  
  82  7:50  Marine  
  82  7:53  SCV  
  82  7:57  Missile Turret, Barracks, Marine  
  81  7:59  Medivac, Barracks  
  81  8:02  Marauder  
  82  8:08  SCV  
  82  8:11  SCV  
  82  8:12  Marine  
  81  8:16  Marauder  
  74  8:20  SCV  
  74  8:25  Marine  
  74  8:26  Marauder  
  76  8:30  Marine, SCV  
  76  8:32  Terran Infantry Armor Level 1, SCV  
  73  8:34  Widow Mine  
  73  8:35  Widow Mine  
  73  8:37  Marauder  
  79  8:42  SCV  
  79  8:43  Marine  
  79  8:44  SCV  
  79  8:45  Liberator  
  79  8:47  Barracks Tech Lab, Barracks Reactor  
  87  8:51  Liberator  
  91  8:56  SCV  
  91  8:57  Orbital Command  
  91  8:58  Missile Turret  
  91  9:00  Marauder  
  91  9:05  Marauder  
  91  9:06  Marine  
  91  9:07  Marauder, SCV  
  97  9:10  Widow Mine  
  97  9:13  Marine  
  97  9:15  SCV  
  101  9:19  Refinery  
  101  9:20  Supply Depot  
  101  9:22  Supply Depot  
  101  9:23  SCV  
  104  9:24  Marine  
  104  9:26  Widow Mine  
  104  9:27  Marine  
  104  9:29  Liberator  
  111  9:31  SCV  
  111  9:32  Marine, Widow Mine  
  111  9:33  Marauder  
  115  9:41  Liberator  
  115  9:42  SCV x2  
  115  9:43  Marine  
  115  9:44  Marauder  
  123  9:45  Supply Depot  
  123  9:47  Marine  
  123  9:48  Marine  
  123  9:50  Marine  
  123  9:51  SCV  
  127  9:53  Supply Depot  
  127  9:54  Widow Mine, SCV  
  127  9:58  Marine  
  132  10:03  Marine, Armory  
  132  10:06  Supply Depot, Marine  
  133  10:07  Marauder, Widow Mine  
  133  10:09  Marine x2  
  139  10:16  Widow Mine  
  137  10:24  Marine  
  137  10:25  Marine  
  137  10:26  Marauder x2  
  137  10:27  Marine x2  
  120  10:46  Engineering Bay  
  120  10:47  Refinery  
Tags
 
Add a new tag
Caveats
  • Supply blocks, unpowered buildings, or Contaminate may cause inaccurate times.
  • Supply counts are checked every 10 seconds.